[Event "Early-Titled-Tuesday-Blitz-September-05-2023"]
[Site "Chess.com"]
[Date "2023.09.05"]
[Round "11"]
[White "GaiozNigalidze"]
[Black "SashaKuzhilniy"]
[Result "1/2-1/2"]
[WhiteElo "2758"]
[BlackElo "2647"]
[TimeControl "180+1"]
[EndTime "10:06:59 PDT"]
[Termination "Game drawn by repetition"]

1. c4 g6 2. Nf3 Bg7 3. g3 e5 4. Nc3 Nc6 5. Bg2 d6 6. O-O f5 7. d3 Nge7 8. Rb1 O-O 9. Bg5 h6 10.
Bxe7 Nxe7 11. Nd2 g5 12. b4 g4 13. Nd5 Ng6 14. e3 c6 15. Nc3 h5 16. b5 c5 17. Bd5+ Kh7 18. f4 exf4 19. Ne2 f3 20. Nf4 h4 21. Nxf3 Nxf4 22. exf4 gxf3 23. Qxf3 Qf6 24.
Rbe1 Bd7 25. Bxb7 Rae8 26. Bd5 Qg6 27. a4 Bd4+ 28. Kg2 Qg4 29. Qxg4 fxg4 30. gxh4 Kg6 31. a5 Bc3 32. Rxe8 Rxe8 33. b6 axb6 34. a6 Be6 35. f5+ Bxf5 36. a7 Bxd3 37. Rf2 Bd4 38. Rf4 Re2+ 39.
Kg3 Re3+ 40. Kg2 Re2+ 41. Kg3 Re3+ 42. Kxg4 Be2+ 43. Rf3 Bxf3+ 44. Bxf3 Ra3 45. a8=Q Rxa8 46. Bxa8 Kh6 47. Bd5 Be5 48. h3 Bd4 49. h5 Be5 50.
Bf3 Bd4 51. Kf5 Be5 52. Ke6 Kg5 53. Kd5 Kh6 54. Kc6 Bh2 55. Kxb6 Be5 56. Kc6 Bh2 57. Kd5 Be5 58. Ke6 Bh2 59. Kf5 Be5 60. Be2 Bh2 61. Kg4 Be5 62. Kf3 Bd4 63. Ke4 Be5 64. Kf5 Bh2 65. h4 Be5 66. Ke6 Bh2 67.
Bf3 Be5 68. Kf5 Bh2 69. Kg4 Be5 70. Kh3 Kg7 71. Be2 Kh6 72. Kg2 Bd4 73. Kf3 Be5 74. Kg4 Bh2 75. Kh3 Be5 76. Kg2 Bd4 77. Bd1 Be5 78. Kf3 Bd4 79. Ke4 Be5 80. Kf5 Bh2 81. Ke6 Be5 82. Kd5 Bh2 83. Ke6 Bg3 84. Kd5 Be5 85.
Ke6 Bg3 86. Kd5 Bh2 87. Ke6 1/2-1/2

[Event "Early-Titled-Tuesday-Blitz-September-05-2023"]
[Site "Chess.com"]
[Date "2023.09.05"]
[Round "11"]
[White "Mariia89"]
[Black "Shockerlover"]
[Result "0-1"]
[WhiteElo "1967"]
[BlackElo "1986"]
[TimeControl "180+1"]
[EndTime "10:07:00 PDT"]
[Termination "Shockerlover won by checkmate"]

1. d4 Nf6 2. Nf3 g6 3. c4 Bg7 4.
Nc3 O-O 5. e4 d6 6. Be2 Nbd7 7.
O-O c5 8. Re1 cxd4 9. Nxd4 a6 10. Bf1 b6 11. f3 Bb7 12. Be3 Rc8 13. Qd2 Re8 14. Rad1 Ne5 15. b3 Qc7 16. Kh1 b5 17. Nd5 Bxd5 18. cxd5 Qc3 19. h3 Nh5 20. Kh2 Nd7 21.
Nc6 Qxd2 22. Rxd2 Ne5 23. Nd4 Rc3 24. Bf2 Rec8 25. Red1 Bh6 26. Rb2 Bf4+ 27. g3 Be3 28. Bxe3 Rxe3 29. Bg2 Rcc3 30. Rf1 Rcd3 31. Ne2 Nxf3+ 32.
Kh1 Nd4 33. Nxd4 Nxg3+ 34. Kh2 Nxf1+ 35. Bxf1 Rxd4 36. Bg2 Red3 37. Rc2 Rd2 38. Rc8+ Kg7 39. Rc7 Kf6 40. Kg3 Rxa2 41. Rc6 Rd3+ 42. Kf4 Rxg2 43.
e5+ Kg7 44. exd6 exd6 45. Rxd6 Rxb3 46. Rxa6 Rd2 47. d6 Rbd3 48. Rb6 Rxd6 49. Rxb5 R6d4+ 50. Kg3 h5 51. h4 Rg4+ 52. Kf3 Rd3+ 53. Ke2 Rh3 54.
Kf2 Rgxh4 55. Rb7 Rc3 56. Kg2 Ra4 57. Kf2 Ra2+ 58. Ke1 Rc1# 0-1

[Event "Early-Titled-Tuesday-Blitz-September-05-2023"]
[Site "Chess.com"]
[Date "2023.09.05"]
[Round "11"]
[White "TatjanaVasilevich"]
[Black "ChessQueen"]
[Result "1/2-1/2"]
[WhiteElo "2623"]
[BlackElo "2748"]
[TimeControl "180+1"]
[EndTime "10:07:01 PDT"]
[Termination "Game drawn by repetition"]

1. d4 f5 2. e4 fxe4 3. Nc3 Nf6 4.
Bg5 g6 5. h4 d5 6. h5 Bg4 7.
Be2 Bxe2 8. Ngxe2 Rg8 9. Nf4 Nc6 10. Nb5 Qd7 11. Bxf6 exf6 12. Nxd5 Kf7 13. hxg6+ hxg6 14. Ndxc7 Rc8 15. Rh7+ Rg7 16. Rxg7+ Bxg7 17. d5 Nb4 18.
Qd2 Nxc2+ 19. Qxc2 Qxb5 20. Nxb5 Rxc2 21. d6 Ke8 22. Rd1 Kd7 23. Rd2 Rc5 24. Nc3 f5 25.
Ne2 Rc6 26. f3 Rxd6 27. Rxd6+ Kxd6 28. fxe4 fxe4 29. b3 Kd5 30. Kf2 Ke5 31. g3 Bf8 32. Nf4 Bc5+ 33. Ke2 g5 34. Ng2 Kd4 35. Kd2 Bb4+ 36.
Ke2 Bc5 37. Kd2 Bd6 38. Ne3 Bc7 39. Ke2 a5 40. a3 Be5 41. Kd2 Bb8 42. a4 Bc7 43.
Nf5+ Ke5 44. Ne3 Kd4 45. Nf5+ Kc5 46. Kc3 Be5+ 47. Kd2 Kb4 48. Kc2 b6 49. g4 Bf4 50.
Nd4 e3 51. Kd3 Ka3 52. Kc2 Be5 53. Ne2 Kb4 54. Nc1 Bd6 55. Nd3+ Ka3 56. Nc1 Bb4 57. Ne2 Bc5 58. Kc3 Bb4+ 59. Kc2 Bc5 60. Kc3 Be7 61. Kc2 Bf6 62. Nc1 Bg7 63. Ne2 Kb4 64. Nc1 Kc5 65. Kd3 Be5 66. Ne2 Kb4 67. Kc2 Bf4 68. Nc1 Bg3 69. Kd3 Ka3 70. Kc2 Be1 71. Ne2 Bd2 72. Nd4 Bb4 73. Nb5+ Ka2 74. Nd4 Ka3 75. Nb5+ Ka2 76.
Nd4 Bc5 77. Ne2 Ka3 1/2-1/2

[Event "Early-Titled-Tuesday-Blitz-September-05-2023"]
[Site "Chess.com"]
[Date "2023.09.05"]
[Round "11"]
[White "crazy_m_attack"]
[Black "NelsonLinda"]
[Result "1-0"]
[WhiteElo "2382"]
[BlackElo "2477"]
[TimeControl "180+1"]
[EndTime "10:07:03 PDT"]
[Termination "crazy_m_attack won by resignation"]

1. e4 d5 2. exd5 Qxd5 3. Nc3 Qe5+ 4. Be2 Bg4 5. d4 Bxe2 6. Ngxe2 Qa5 7. O-O Nf6 8. Bf4 c6 9. Qd3 e6 10. Ng3 Be7 11.
Rfe1 O-O 12. a3 Qd8 13. Rad1 Nbd7 14. Nge4 Nxe4 15. Qxe4 Nf6 16. Qf3 Re8 17. Na4 Qa5 18.
b3 Bxa3 19. Ra1 Be7 20. Be5 Qd8 21. Qg3 Bf8 22. c4 Nd7 23. Bf4 Nb6 24. Bc7 Qxd4 25. Rad1 Qf6 26. Nxb6 axb6 27. Bxb6 e5 28. Bc7 Rac8 29.
Bxe5 Qg6 30. Qxg6 hxg6 31. Bc3 Rxe1+ 32. Rxe1 Rd8 33. Kf1 f6 34. Ke2 Kf7 35. Ra1 Bc5 36. b4 Be7 37. Ra7 Rd7 38. Ke3 Ke6 39. c5 Kd5 40.
Kd3 f5 41. Ra2 Bd8 42. Re2 Bc7 43. g3 g5 44. Re8 g4 45. Rg8 Be5 46. Bd2 Bf6 47.
Rf8 Ke5+ 48. Kc2 Ke4 49. Re8+ Kf3 50. Be3 Re7 51. Rxe7 Bxe7 52. Kd3 Bf6 53. Kc4 g5 54. b5 f4 55. gxf4 gxf4 56. Bc1 Be5 57. Kd3 Kxf2 58. bxc6 bxc6 59. Ke4 g3 60. hxg3 Kxg3 61. Kxe5 f3 62. Be3 f2 63. Bxf2+ Kxf2 64. Kd6 Ke3 65. Kxc6 Kd4 66.
Kd6 Kc4 67. c6 1-0

[Event "Early-Titled-Tuesday-Blitz-September-05-2023"]
[Site "Chess.com"]
[Date "2023.09.05"]
[Round "11"]
[White "PavelChernomordik"]
[Black "WiktoriaPOL"]
[Result "1-0"]
[WhiteElo "2482"]
[BlackElo "2297"]
[TimeControl "180+1"]
[EndTime "10:07:04 PDT"]
[Termination "PavelChernomordik won on time"]

1. e4 c5 2. Nc3 a6 3. g3 b5 4.
Bg2 Bb7 5. Qe2 e6 6. f4 b4 7. Nd1 Ne7 8. d3 d5 9. Ne3 Nbc6 10. Nf3 a5 11. O-O dxe4 12. dxe4 Ba6 13. Qf2 Bxf1 14. Bxf1 Nd4 15. Nxd4 cxd4 16. Bb5+ Nc6 17. Bxc6+ Ke7 18. Nf1 Rc8 19. Ba4 f6 20. f5 e5 21. g4 Kf7 22. Bb3+ Ke8 23. Ng3 Bc5 24. Kg2 Bb6 25. Qe2 Qd6 26. g5 Qc5 27. Qh5+ Kd8 28. Qf7 Rc7 29. Qd5+ Qxd5 30. exd5 Re8 31. Ne4 fxg5 32.
Bxg5+ Kd7 33. Ba4+ Kc8 34. Nd6+ Kb8 35. Nxe8 Rc8 36.
d6 e4 37. d7 Rc5 38. d8=Q+ Bxd8 39. Bxd8 Rxf5 40. Nd6 Rd5 41. Be7 e3 42. Kf3 Re5 43.
Bf8 Rh5 44. Bxg7 Rxh2 45. Be5 Rf2+ 46. Ke4 e2 47. Re1 h5 48. Nf5+ Kb7 49. Nxd4 h4 50. Rxe2 Rxe2+ 51. Nxe2 h3 52. Bh2 Kb6 53. Nf4 Kc5 54.
Nxh3 b3 55. axb3 Kb4 56. Be5 Kc5 57. Bc3 Kb6 58. Nf4 Ka6 59. Nd5 Kb7 60. Bxa5 Ka6 61. Bb4 Kb7 62. c4 Ka6 63. c5 Ka7 64. c6 Ka6 65. c7 Kb7 66. Bd7 Ka7 67. Kd4 1-0

[Event "Early-Titled-Tuesday-Blitz-September-05-2023"]
[Site "Chess.com"]
[Date "2023.09.05"]
[Round "11"]
[White "KVAIDAN"]
[Black "ExchangeAB"]
[Result "0-1"]
[WhiteElo "2239"]
[BlackElo "2431"]
[TimeControl "180+1"]
[EndTime "10:07:04 PDT"]
[Termination "ExchangeAB won by checkmate"]

1. f4 c6 2. Nf3 h5 3. d3 h4 4. e4 d5 5. Nc3 h3 6. gxh3 Nf6 7.
Be3 Bxh3 8. Bxh3 Rxh3 9. Qe2 Qa5 10. O-O-O e6 11. Kb1 Nbd7 12. Ng5 Rh8 13. f5 e5 14.
exd5 cxd5 15. d4 e4 16. Bf4 Bb4 17. Bd2 Bxc3 18. Bxc3 Qb6 19. Be1 Rc8 20. Bg3 Kf8 21. h4 a5 22. Be5 a4 23. a3 Qc6 24. c3 Qc4 25. Qg2 Rc6 26. Rdg1 Nh5 27. Ne6+ Ke7 28. Nxg7 Qd3+ 29. Ka1 Rg8 30. Qg5+ Nhf6 31. Bxf6+ Nxf6 32. Qg3 Qxg3 33. Rxg3 Rcc8 34. h5 Rh8 35. h6 Rh7 36. Ka2 Rch8 37. Rgh3 Ng4 38. c4 dxc4 39. Rh4 Nf6 40. Re1 Kd6 41. Reh1 Kd5 42. Nh5 Nxh5 43. Rxh5 f6 44. Kb1 Kxd4 45. Kc2 Ke5 46. Kc3 Rd8 47. Kxc4 Rd2 48. R1h2 Rxh2 49. Rxh2 Kxf5 50. Kd4 Kg5 51. Rg2+ Kxh6 52. Kxe4 Rg7 53. Rf2 Kg6 54. Kd5 Rc7 55. Ke6 Rc6+ 56. Kd7 f5 57. Rf4 Kg5 58. Rxa4 f4 59. Rb4 Rf6 60. Rxb7 f3 61. Rb5+ Kf4 62. Ke7 Rh6 63. Rb8 f2 64. Rf8+ Ke3 65. b4 Rh4 66. Kd6 Rf4 67. Re8+ Kd3 68. b5 f1=Q 69. b6 Qd1 70. Kc7 Kc4 71. Rc8 Rf7+ 72. Kb8+ Kb5 73. b7 Qd7 74. Rc5+ Kxc5 75. Ka8 Qxb7# 0-1

[Event "Early-Titled-Tuesday-Blitz-September-05-2023"]
[Site "Chess.com"]
[Date "2023.09.05"]
[Round "11"]
[White "Abund"]
[Black "nrvisakh"]
[Result "0-1"]
[WhiteElo "2738"]
[BlackElo "2879"]
[TimeControl "180+1"]
[EndTime "10:07:07 PDT"]
[Termination "nrvisakh won by resignation"]

1. e4 c5 2. Nf3 g6 3. c3 d5 4. e5 Bg4 5. d4 Nc6 6. Bb5 Qb6 7.
Qa4 Bxf3 8. dxc5 Qxc5 9. Be3 d4 10. cxd4 Qd5 11. Nc3 Qd7 12. gxf3 e6 13. O-O-O Nge7 14. Kb1 a6 15. Bg5 Rc8 16. Bf6 Rg8 17. Be2 Nd5 18. Ne4 Nxe5 19. Qb3 Nc6 20. Rc1 Be7 21. Be5 f6 22. Bg3 Kf7 23. Rhd1 Rgd8 24. Nc5 Nxd4 25. Nxd7 Rxc1+ 26. Rxc1 Nxb3 27. Ne5+ fxe5 28. axb3 Bg5 29.
Rc4 Bf4 30. Bd3 Rd7 31. Be4 Nf6 32. Kc2 Rd2+ 33. Kc3 Rd7 34. Rc5 Nd5+ 35. Kc2 Nb4+ 36. Kc3 Na2+ 37. Kc2 Rd2+ 38. Kb1 Nb4 39. Bxf4 exf4 40.
Bxb7 Rd1+ 41. Rc1 Rd2 42. Be4 Rxf2 43. Rc4 a5 44. h4 Rf1+ 45. Rc1 Rxc1+ 46. Kxc1 Ke7 47. Kd2 Kd6 48. Kc3 Kc5 49. Kd2 Nc6 50. Kc3 Nd4 51. h5 gxh5 52. Bxh7 h4 53. Bd3 h3 54.
Bf1 h2 55. Bg2 Ne2+ 56. Kd3 Ng3 57. Kc3 e5 58. Kd3 Kb4 59. Kc2 h1=Q 60. Bxh1 Nxh1 61. Kd3 Ng3 62. Kc2 e4 63. Kb1 exf3 64. Ka1 f2 65.
Ka2 a4 66. bxa4 f1=Q 67. a5 f3 68. a6 f2 69. a7 Qc4+ 70. b3 Qc2+ 0-1

[Event "Early-Titled-Tuesday-Blitz-September-05-2023"]
[Site "Chess.com"]
[Date "2023.09.05"]
[Round "11"]
[White "jcmesafischer"]
[Black "HeinichessPY"]
[Result "1-0"]
[WhiteElo "2444"]
[BlackElo "2216"]
[TimeControl "180+1"]
[EndTime "10:07:10 PDT"]
[Termination "jcmesafischer won by checkmate"]

1. Nf3 c5 2. g3 d5 3. Bg2 Nf6 4. O-O g6 5. d3 Bg7 6. Nc3 O-O 7. a4 Nc6 8. Nd2 Be6 9. Nb3 d4 10. Nb5 Bd5 11. c4 Bxg2 12. Kxg2 a6 13. Na3 Qd6 14. Bf4 e5 15. Bg5 h6 16. Bxf6 Bxf6 17. Nd2 Bg7 18. Nc2 f5 19. Rb1 Rae8 20. f3 Bf6 21. Qc1 Bg5 22. h4 Bf6 23. b4 cxb4 24.
c5 Qd5 25. Nxb4 Nxb4 26. Rxb4 e4 27. Qc4 Qxc4 28. Nxc4 exd3 29. exd3 Re2+ 30. Rf2 Rxf2+ 31. Kxf2 f4 32. Rxb7 fxg3+ 33. Kxg3 Rc8 34. Rb6 Be7 35. c6 a5 36. Nxa5 Bd8 37. Ra6 Bxa5 38. Rxa5 Rxc6 39.
Kf4 Kf7 40. Ke4 Ke6 41. Kxd4 Rc1 42. Ke4 Re1+ 43. Kf4 Rd1 44. Ra6+ Kf7 45. Ke4 Re1+ 46. Kd5 Rf1 47. d4 Rxf3 48. a5 g5 49. Rxh6 gxh4 50. Rxh4 Rf5+ 51. Kd6 Rxa5 52. d5 Kf6 53. Rf4+ Kg7 54.
Rf1 Ra6+ 55. Ke7 Ra7+ 56. Ke6 Ra6+ 57. d6 Rb6 58. Ke7 Rb2 59. Rg1+ Kh6 60. d7 Re2+ 61. Kd8 Rd2 62. Rc1 Kg7 63. Kc7 Kf7 64. d8=Q Rxd8 65.
Kxd8 Ke6 66. Re1+ Kf5 67. Kd7 Kf4 68. Kd6 Kf3 69. Kd5 Kf2 70. Re4 Kf3 71. Rb4 Kf2 72.
Ke4 Kg3 73. Rb3+ Kf2 74. Ra3 Kg2 75. Ra2+ Kh3 76. Rb2 Kg3 77. Rc2 Kh3 78. Kf4 Kh4 79. Rh2# 1-0

[Event "Early-Titled-Tuesday-Blitz-September-05-2023"]
[Site "Chess.com"]
[Date "2023.09.05"]
[Round "11"]
[White "m_ezat"]
[Black "PetrolulSah"]
[Result "1-0"]
[WhiteElo "2682"]
[BlackElo "2164"]
[TimeControl "180+1"]
[EndTime "10:07:12 PDT"]
[Termination "m_ezat won by resignation"]

1. d4 d5 2. Nf3 Nf6 3. c4 c6 4. Nc3 dxc4 5. e4 b5 6. Be2 e6 7. a4 a6 8. axb5 cxb5 9. Nxb5 Nxe4 10. O-O Bb7 11. Nc3 Nd6 12. Ne5 Be7 13. Bf3 O-O 14. Bxb7 Nxb7 15. Qa4 Qxd4 16. Nc6 Nxc6 17. Qxc6 Nc5 18.
Be3 Qd7 19. Qf3 Nd3 20. Rfd1 h6 21. Qg4 Kh8 22. Qxc4 Rfd8 23. Rxa6 Rab8 24. h3 Rxb2 25. Ne4 Qb7 26. Ra7 Qb4 27. Qxb4 Rxb4 28. Rxe7 Rxe4 29.
Rxf7 Kg8 30. Ra7 Rd5 31. Ra8+ Kf7 32. Ra7+ Kg6 33. h4 h5 34. Ra6 Kf7 35. Rb1 Rd7 36.
Rb8 Rxh4 37. Raa8 Re4 38. Rh8 h4 39. Rh7 Kg6 40. Rah8 h3 41. Rxh3 Ne5 42. Rg3+ Kf7 43. Rh7 Kg8 44. Rh5 Rd1+ 45. Kh2 Rd7 46. Rhg5 Rf7 47.
Bc5 Nd7 48. Bd6 Nf6 49. f3 Rd4 50. Be5 Rdd7 51. Rg6 Kf8 52. Rh3 Ke7 53. Rh8 Ne8 54. Rg4 Nf6 55. Re4 Nxe4 56. fxe4 Rf8 57. Rh7 Rf7 58.
Bxg7 Rd2 59. Kh3 Rc2 60. e5 Rc7 61. Bf6+ Ke8 62. Rh8+ Kd7 63. Rb8 Kc6 64. Kg4 Kd5 65. Kg5 Kc4 66. g4 Rc5 67. Rd8 Rfc7 68. Rd1 Rd5 69.
Rc1+ Kb5 70. Rb1+ Kc6 71. Kg6 Kd7 72. g5 Rb7 73. Rxb7+ Kc6 74. Re7 1-0

[Event "Early-Titled-Tuesday-Blitz-September-05-2023"]
[Site "Chess.com"]
[Date "2023.09.05"]
[Round "11"]
[White "Shield12"]
[Black "nihalsarin"]
[Result "0-1"]
[WhiteElo "2971"]
[BlackElo "3142"]
[TimeControl "180+1"]
[EndTime "10:07:20 PDT"]
[Termination "nihalsarin won by resignation"]

1. e4 g6 2. d4 Bg7 3. Nf3 d6 4. Bc4 Nf6 5. Qe2 O-O 6. e5 dxe5 7. dxe5 Nd5 8. O-O Bg4 9. h3 Bxf3 10. Qxf3 c6 11. Re1 e6 12. Nd2 Nd7 13. Qg3 b5 14. Bb3 a5 15. Nf3 Qc7 16. a4 bxa4 17.
Bxa4 Nc5 18. Qh4 Rab8 19. c4 Ne7 20. Bc2 Nf5 21. Bxf5 exf5 22. Bh6 Ne6 23. Bxg7 Kxg7 24. Ng5 Nxg5 25. Qxg5 Qd8 26. Qxd8 Rfxd8 27. Re2 Ra8 28. e6 Re8 29. e7 Kf6 30. b4 Rxe7 31. Rxe7 Kxe7 32.
bxa5 Kd6 33. f4 Kc5 34. Ra4 Kd4 35. Kf2 Ra6 36. Ke2 Kc3 37. Ke3 c5 38. g4 Kb3 39.
Ra1 Kxc4 40. gxf5 gxf5 41. Rc1+ Kb4 42. Rb1+ Kxa5 43. Kd3 Rb6 44. Ra1+ Kb5 45. Ra7 Rh6 46. Rxf7 Rxh3+ 47. Kc2 Rh5 48. Kc3 Rh3+ 49. Kc2 Kc4 50. Rxf5 Rh2+ 51. Kd1 h5 52. Rf8 h4 53. f5 Kd5 54. f6 Ke6 55. Ke1 h3 56. Kf1 Rc2 57.
Kg1 c4 58. Kh1 c3 59. f7 Ke7 60. Re8+ Kxf7 61. Rc8 Ke6 62. Kg1 Kd5 63. Kf1 Kd4 64.
Rd8+ Kc4 65. Rh8 Rd2 66. Ke1 h2 67. Rh3 Rg2 68. Kf1 Rg1+ 69. Kf2 h1=Q 0-1

[Event "Early-Titled-Tuesday-Blitz-September-05-2023"]
[Site "Chess.com"]
[Date "2023.09.05"]
[Round "11"]
[White "tptagain"]
[Black "Jospem"]
[Result "1-0"]
[WhiteElo "2943"]
[BlackElo "3040"]
[TimeControl "180+1"]
[EndTime "10:07:51 PDT"]
[Termination "tptagain won by checkmate"]

1. Nf3 Nf6 2. b3 g6 3. Bb2 Bg7 4. g3 O-O 5. Bg2 d6 6. d4 c6 7. O-O Bf5 8. Nfd2 d5 9. c4 Na6 10. Nc3 Qa5 11. a3 Rad8 12. b4 Qc7 13. cxd5 cxd5 14.
Rc1 Qb8 15. Qb3 Nc7 16. a4 b5 17. axb5 Nxb5 18. Na4 Nd6 19. Nc5 Qb5 20. e3 Rb8 21.
Bc3 Bd3 22. Rfd1 Bf5 23. Bf1 Qc6 24. Ra1 Ra8 25. Ra6 Qc7 26. Rda1 Rfb8 27. Qa4 Nc8 28. Qc6 Qd8 29. b5 Nd7 30. Qxd5 Ncb6 31. Qb3 e5 32.
Rxa7 exd4 33. exd4 Nxc5 34. dxc5 Be6 35. Qb2 Bxc3 36.
Qxc3 Nd5 37. Qd4 Rxa7 38. Rxa7 Qg5 39. Ne4 Qc1 40. Ra1 Qh6 41. Bc4 Qg7 42. Qxg7+ Kxg7 43. c6 Nc7 44. Bxe6 Nxe6 45. Rb1 Rb6 46. Nd6 Nc7 47.
Re1 Kf8 48. h4 Nxb5 49. Rb1 Rxc6 50. Nxb5 Rc4 51. Nd6 Rd4 52. Nb5 Rc4 53. Kg2 h6 54. Rd1 Rc5 55. Nd6 Re5 56. Nc4 Rc5 57. Ne3 h5 58.
Rd5 Rc6 59. Rd7 Ra6 60. Rb7 Rd6 61. Nc4 Re6 62. f4 Re2+ 63. Kf3 Rc2 64. Ne5 Rc3+ 65. Kg2 Rc2+ 66. Kh3 f6 67. Nxg6+ Kg8 68. Ne7+ Kf7 69. Nf5+ Kg6 70. Ne3 Re2 71. Nd5 Rd2 72. Ne7+ Kf7 73.
Nf5+ Kg6 74. Ne7+ Kf7 75. Nc6+ Kg6 76. Rb6 Re2 77. Nd4 Re4 78. f5+ Kf7 79. Rb7+ Kg8 80. Ne6 Re5 81. Rb8+ Kh7 82. Nf4 Rxf5 83. Rd8 Kh6 84. Rd5 Re5 85. Rxe5 fxe5 86. Nd3 e4 87. Nf4 Kg7 88. Nxh5+ Kg6 89. g4 e3 90. Nf4+ Kf6 91. Kg3 Ke5 92. Kf3 Kd4 93. h5 e2 94. Nxe2+ Ke5 95.
Ng3 Kf6 96. Kf4 Kg7 97. g5 Kh8 98. Nf5 Kg8 99. g6 Kh8 100. Kg5 Kg8 101. h6 Kh8 102.
g7+ Kg8 103. Ne7+ Kh7 104. g8=Q# 1-0

[Event "Early-Titled-Tuesday-Blitz-September-05-2023"]
[Site "Chess.com"]
[Date "2023.09.05"]
[Round "11"]
[White "PepeCuenca"]
[Black "ArmanGhevondyanchess"]
[Result "0-1"]
[WhiteElo "2687"]
[BlackElo "2534"]
[TimeControl "180+1"]
[EndTime "10:08:14 PDT"]
[Termination "ArmanGhevondyanchess won on time"]

1. c4 Nf6 2. Nf3 g6 3. Nc3 d5 4.
cxd5 Nxd5 5. h4 Nc6 6. h5 Bg7 7. h6 Bf6 8. Ne4 Bf5 9. Nxf6+ exf6 10. d3 Be6 11. b3 Qd6 12. Bb2 Qb4+ 13. Qd2 Qxd2+ 14.
Nxd2 Rg8 15. a3 Ke7 16. g3 Nb6 17. Bg2 Bd5 18. e4 Be6 19. d4 Bg4 20. f3 Bd7 21. Rc1 Rac8 22. Kf2 Rgd8 23. Ke3 Nb8 24. a4 c6 25.
Ba3+ Ke8 26. a5 Na8 27. Nc4 Be6 28. Nd6+ Rxd6 29. Bxd6 Na6 30. d5 Bd7 31. Rhd1 N8c7 32. Bxc7 Rxc7 33. f4 Nb4 34. d6 Rc8 35. Rc4 Na6 36. e5 f5 37. Rdc1 Be6 38. R4c3 Kd7 39. Rd1 Nb4 40. Rd4 Na6 41. b4 Nb8 42. Bf1 a6 43. Bc4 Rd8 44. Bf1 Ke8 45. Bg2 Rc8 46. Bf3 Nd7 47. Rd2 Kd8 48. Rg2 Nf8 49. g4 fxg4 50.
Bxg4 Kd7 51. Rc1 Re8 52. Kd2 Kd8 53. Rf1 Bc4 54. Rff2 Bd5 55. Rg3 Ne6 56. Bxe6 Bxe6 57. Kc3 Bf5 58. Kd4 Kd7 59. Rg5 Ke6 60. Kc5 Rd8 61. Kb6 Rd7 62. Kc5 Rd8 63. Rfg2 Rd7 64. Rg1 Rd8 65. Kd4 Rd7 66. Ke3 Rd8 67. Rd1 Rd7 68.
Rg2 Rd8 69. Rgd2 Rd7 70. Rd4 Bg4 71. R1d2 Bf5 72. Kf2 Bg4 73. Kg3 Bf5 74. Kh4 Bb1 75. Kg5 Bf5 76. Rd1 Bc2 77. Rf1 Bf5 78. Rf2 Bb1 79. Rd1 Bf5 80. Re1 Bd3 81. Re3 Bf5 82. Rb3 Be4 83. Rc3 Bf5 84. b5 axb5 85. a6 bxa6 86.
Rxc6 a5 87. Rc5 Bd3 88. Rd2 Bc4 89. Rc7 a4 90. Rd4 a3 91. Rdxc4 bxc4 92. Rxc4 Ra7 93. Rc1 a2 94. Ra1 Ra5 95. Kg4 f6 96. exf6 Kxd6 97.
f7 Ke7 98. Kf3 Kxf7 99. Kg4 Kf6 100. Kg3 Ra4 101. Kf3 Ra3+ 102. Kg4 Ra4 103. Kg3 Kf5 104. Kh3 Ra3+ 105. Kh4 Kxf4 106. Rf1+ Rf3 0-1

[Event "Early-Titled-Tuesday-Blitz-September-05-2023"]
[Site "Chess.com"]
[Date "2023.09.05"]
[Round "11"]
[White "Vanina1989"]
[Black "FREDERICKtheMATE"]
[Result "1-0"]
[WhiteElo "2722"]
[BlackElo "2547"]
[TimeControl "180+1"]
[EndTime "10:08:16 PDT"]
[Termination "Vanina1989 won by checkmate"]

1. d4 Nf6 2. c4 e6 3. Nf3 d5 4.
Nc3 Be7 5. Bf4 O-O 6. e3 b6 7. Bd3 dxc4 8. Bxc4 Ba6 9. Bxa6 Nxa6 10. Qa4 Nb4 11.
O-O c5 12. dxc5 Bxc5 13. Rfd1 Qe7 14. Bg5 h6 15. Bxf6 Qxf6 16. a3 Nd5 17. Nxd5 exd5 18.
b4 Be7 19. Rab1 Rfd8 20. Qb5 Qe6 21. Nd4 Qd7 22. Nc6 Bf6 23. e4 d4 24. e5 Rac8 25. Nxd4 Bxe5 26. Qxe5 Rc4 27. Nf3 Qxd1+ 28. Rxd1 Rxd1+ 29. Ne1 Rcc1 30. Qe8+ Kh7 31. Qe4+ g6 32. Kf1 Kg7 33.
Qe5+ Kg8 34. g3 h5 35. Qb8+ Kg7 36. Qxa7 Rxe1+ 37. Kg2 Re6 38. Qd7 Rce1 39. Qd4+ Kg8 40. a4 R1e4 41. Qc3 Rd6 42. a5 bxa5 43. bxa5 Ree6 44.
Qa3 Ra6 45. Qc5 Kh7 46. h3 Rf6 47. g4 hxg4 48. hxg4 Rfc6 49. Qd5 Kg7 50. Qe5+ Kg8 51. Kg3 Re6 52. Qc3 Rec6 53. Qe5 Re6 54. Qb5 Kg7 55. Kh4 Rf6 56. Qe5 Kh7 57. f4 Rfe6 58.
Qc3 Rf6 59. Kg5 Rfd6 60. f5 gxf5 61. gxf5 Kg8 62. Qc8+ Kg7 63. Qc3+ f6+ 64. Kh5 Kf7 65. Qc7+ Ke8 66. Kg6 Rdc6 67. Qb7 Kd8 68. Qb8+ Kd7 69. Qb5 Kc7 70. Kf7 Rd6 71. Ke7 Rdc6 72. Qd5 Rd6 73. Qc4+ Rdc6 74. Qb5 Rd6 75. Kf7 Rdc6 76. Qb4 Rd6 77.
Kg6 Rdc6 78. Qe7+ Kc8 79. Qf8+ Kc7 80. Qe7+ Kc8 81. Qe1 Kc7 82. Qb4 Rd6 83. Qc5+ Rdc6 84. Qb4 Rd6 85. Qb5 Rdc6 86. Qd5 Rd6 87. Qf7+ Kc8 88.
Qe8+ Kc7 89. Qe7+ Kc8 90. Qe1 Kc7 91. Qc3+ Rdc6 92. Qg3+ Rd6 93. Qe1 Rd5 94. Qe7+ Kc6 95. Qe8+ Kc5 96. Qc8+ Kb5 97. Qb7+ Kxa5 98. Qxd5+ Kb6 99.
Qd6+ Kb7 100. Qxa6+ Kxa6 101. Kxf6 Kb7 102. Ke7 Kc7 103. f6 Kc8 104. f7 Kc7 105. f8=Q Kc6 106. Qf5 Kb6 107. Kd7 Kb7 108. Qb5+ Ka7 109. Kc7 Ka8 110. Qa5# 1-0

[Event "Early-Titled-Tuesday-Blitz-September-05-2023"]
[Site "Chess.com"]
[Date "2023.09.05"]
[Round "11"]
[White "bescmelasti"]
[Black "I_am_Javi"]
[Result "0-1"]
[WhiteElo "2622"]
[BlackElo "2756"]
[TimeControl "180+1"]
[EndTime "10:08:23 PDT"]
[Termination "I_am_Javi won by resignation"]

1. e4 e5 2. Nf3 Nc6 3. Bc4 g6 4. d3 Bg7 5. Ng5 Nh6 6. a4 O-O 7. h4 Nd4 8. h5 c6 9. hxg6 hxg6 10. Rxh6 d5 11. Rh1 dxc4 12. dxc4 f6 13. Nf3 Bg4 14.
Nbd2 f5 15. c3 fxe4 16. cxd4 exf3 17. gxf3 Qxd4 18. Ra3 Bh5 19. Qe2 e4 20. Nxe4 Rae8 21. Be3 Qe5 22. Rh3 Qf5 23. Ng5 Bh6 24. Rg3 Rxe3 25.
Qxe3 Kh8 26. Kf1 Qd7 27. Kg2 Re8 28. Qd3 Qxd3 29. Rxd3 Re7 30. Rd8+ Kg7 31. Rd6 Re5 32. Ne4 Bf4 33. Rh3 Kh6 34. Rd7 b5 35. Nf6 bxc4 36. Rh7+ Kg5 37. Ne4+ Kf5 38. Nd6+ Ke6 39. Nxc4 Rg5+ 40.
Kf1 Kd5 41. Ne3+ Kc5 42. Rxa7 Kb4 43. a5 Rxa5 44. Rxa5 Kxa5 45. Ke2 Kb5 46. Rh1 Be5 47. b3 c5 48. Rc1 Bd4 49. Rc4 g5 50. Nc2 Be5 51. Ne3 Bf7 52. Kd3 Bg6+ 53. Ke2 Bf7 54. Kd3 Bg6+ 55. Ke2 Bd4 56. Rc2 Kb4 57. Rd2 Kxb3 58.
Rd1 Bc3 59. Rc1 c4 60. Nd1 Bd4 61. Ne3 c3 62. Nd5 c2 63. Ne3 Bb2 64. Nxc2 Bxc1 65.
Ne3 Bb2 66. f4 gxf4 67. Nd5 Bh5+ 68. f3 Bf7 69. Nxf4 Bf6 70. Nd3 Kc4 71. Ke3 Kd5 72. Nf4+ Ke5 73. Ne2 Kf5 74. Kf2 Bc4 75. Ng3+ Kf4 76.
Ne2+ Kf5 77. Ng3+ Ke6 78. Ne2 Be5 79. Ke3 Kf5 80. Nd4+ Kg5 81. Ne2 Bb8 82. Nc3 Kf5 83. Ne4 Ba7+ 84. Kd2 Kf4 85. Nd6 Bd5 86. Nb5 Be3+ 87.
Kd3 Bxf3 88. Nd4 Be4+ 89. Kc4 Bf2 90. Nb3 Ke3 91. Kc3 Bg6 92. Kc4 Kf3 93. Nd4+ Kg3 94. Ne6 Kf3 95. Kd5 Kg4 96. Ke5 Bb1 97. Nd4 Bg3+ 98. Kd5 Kg5 99. Ne2 Bh2 100. Nc3 Bh7 101. Ne4+ Kf4 102. Nd6 Bg8+ 103. Kc5 Ke5 104. Nc4+ Ke4 105.
Nd2+ Kd3 106. Nf3 Bg3 107. Ng5 Ke3 108. Kc6 Kf4 109. Nh3+ Kg4 110. Ng1 Bc4 111. Kc5 Bf1 112. Kd4 Bf2+ 113. Ke4 Bxg1 0-1

[Event "Early-Titled-Tuesday-Blitz-September-05-2023"]
[Site "Chess.com"]
[Date "2023.09.05"]
[Round "11"]
[White "amintabatabaei"]
[Black "Sibelephant"]
[Result "1/2-1/2"]
[WhiteElo "3024"]
[BlackElo "3127"]
[TimeControl "180+1"]
[EndTime "10:08:46 PDT"]
[Termination "Game drawn by 50-move rule"]

1. c4 e5 2. Nc3 Nf6 3. Nf3 Nc6 4. g3 g6 5. Bg2 Bg7 6. O-O O-O 7. d3 d6 8. Rb1 a5 9. a3 Re8 10. Nd2 Nd4 11. b4 axb4 12. axb4 c6 13. b5 d5 14. e3 Bg4 15. f3 Bf5 16. exd4 exd4 17. Nce4 dxe4 18. fxe4 Be6 19. bxc6 bxc6 20. h3 Nd7 21.
Nf3 Ra2 22. Ng5 Qc7 23. Bf4 Be5 24. Qf3 h6 25. Nxe6 Rxe6 26. Bxh6 Rf6 27. Bf4 Ra3 28. Bxe5 Qxe5 29. Qg4 Rxf1+ 30. Rxf1 Qe7 31. e5 Nxe5 32.
Qxd4 Rxd3 33. Qf2 Rc3 34. Kh1 Rxc4 35. Re1 Nd3 36. Rxe7 Nxf2+ 37. Kh2 Nd3 38. Bf1 Rc2+ 39. Kg1 Nb4 40. h4 Kg7 41. Rc7 Nd5 42. Rc8 Rc3 43.
Kh2 Ne3 44. Ba6 Nf5 45. Bb7 Rxg3 46. Rxc6 Rg4 47. h5 Rh4+ 48. Kg2 Rxh5 49. Rc7 Rg5+ 50. Kf2 Nd6 51. Ba6 Ra5 52. Bd3 Rd5 53. Bc2 Nf5 54. Bb3 Rd2+ 55. Ke1 Rb2 56. Bxf7 Kf6 57. Bc4 g5 58.
Rc6+ Ke5 59. Rc5+ Kf4 60. Be6 Nd4 61. Bc8 g4 62. Bxg4 Kxg4 63. Rc4 Re2+ 64. Kd1 Re4 65. Rc8 Kf3 66. Rh8 Ke3 67. Rh3+ Nf3 68. Kc2 Rc4+ 69. Kb3 Rc8 70. Ka3 Rb8 71. Ka4 Rb1 72. Ka5 Ke4 73.
Ka4 Nd4 74. Rc3 Kd5 75. Rc8 Nc6 76. Rh8 Kc4 77. Rh4+ Nd4 78. Ka5 Rb2 79. Ka6 Kc5 80.
Rh5+ Kd6 81. Rh6+ Ne6 82. Rg6 Kd5 83. Rh6 Nc5+ 84. Ka5 Ne4 85. Rh5+ Kc4 86. Rh4 Rb5+ 87. Ka4 Re5 88. Ka3 Kc3 89. Rh3+ Kc4 90. Rh4 Re8 91.
Kb2 Kd4 92. Kb3 Rc8 93. Kb4 Rb8+ 94. Ka4 Rb7 95. Ka5 Re7 96. Kb4 Kd3 97. Kb3 Rb7+ 98.
Ka3 Nc5 99. Rh3+ Kc4 100. Rh4+ Kc3 101. Rh3+ Nd3 102. Ka4 Rb1 103. Ka5 Kc4 104. Rh4+ Kd5 105. Rh5+ Ne5 106. Ka4 Re1 107. Kb5 Re2 108. Ka5 Kc5 109. Ka6 Re3 110. Kb7 Kd6 111. Ka6 Kc6 112. Rh6+ Kc5 1/2-1/2